 Dungeon Sprint DCSS version 0.19-a0-680-gdf79c29 (webtiles) character file.

15609 Groucho the Fetichist (level 12, 0/123 HPs)
             Began as a Deep Dwarf Fighter on June 17, 2016.
             Was the Champion of Makhleb.
             Killed from afar by a fire dragon (20 damage)
             ... with a blast of flame
             ... in the Dungeon (Sprint IX: "|||||||||||||||||||||||||||||").
             The game lasted 00:12:43 (3267 turns).

Groucho the Fetichist (Deep Dwarf Fighter)          Turns: 3267, Time: 00:12:44

Health: 0/123      AC: 25    Str: 26    XL:     12   Next: 2%
Magic:  24/24      EV:  8    Int: 10    God:    Makhleb [******]
Gold:   415        SH: 27    Dex: 14    Spells: 0 memorised, 11 levels left

rFire  . . .     SeeInvis .     v - +2 scimitar (flame)
rCold  . . .     Gourm    .     H - +2 plate armour
rNeg   . . .     Faith    .     I - +1 large shield
rPois  .         Spirit   .     y - +0 helmet
rElec  .         Dismiss  .     t - +0 cloak
rCorr  .         Reflect  +     s - +0 pair of gloves
SustAt .         Harm     .     (no boots)
MR     +....     NoTele   +     D - +5 amulet of reflection
Stlth  ..........               r - +2 ring of protection
                                E - +4 ring of strength

@: very slightly contaminated, non-regenerating, hasted, invisible, very quick,
somewhat resistant to hostile enchantments, extremely unstealthy
A: damage resistance, recharge devices, sense surroundings 2, slow regeneration
3
a: Device Recharging, Minor Destruction, Lesser Servant of Makhleb, Major
Destruction, Greater Servant of Makhleb, Renounce Religion


You were in the Dungeon.
You worshipped Makhleb.
Makhleb was exalted by your worship.
You were not hungry.

You visited 1 branch You collected 1900 gold pieces.
You spent 1485 gold pieces at shops.

Inventory:

Hand Weapons
 v - a +2 scimitar of flaming (weapon)
Missiles
 a - 8 tomahawks (quivered)
Armour
 c - a +0 shield
 s - a +0 pair of gloves (worn)
 t - a +0 cloak (worn)
 x - a +0 plate armour
 y - a +0 helmet (worn)
 H - a +2 plate armour (worn)
 I - a +1 large shield (worn)
Jewellery
 i - an uncursed ring of protection from fire
 q - a +3 ring of strength
 r - a +2 ring of protection (right hand)
 C - a +3 amulet of reflection
 D - a +5 amulet of reflection (around neck)
 E - a +4 ring of strength (left hand)
Wands
 e - a wand of heal wounds (4/9)
 p - a wand of lightning (5/15)
Scrolls
 b - a scroll of identify
 f - 8 scrolls of enchant weapon
 l - 3 scrolls of blinking
 n - 3 scrolls of remove curse
 o - 2 scrolls of amnesia
 w - 2 scrolls of fear
Potions
 d - 2 potions of might
 g - 10 potions of curing
 h - a potion of heal wounds
 j - 4 potions of magic
 k - 3 potions of berserk rage
 z - a potion of agility
 F - 3 potions of resistance
Comestibles
 u - 40 fruits
 A - 12 bread rations
 B - 11 meat rations


   Skills:
 + Level 12.6 Fighting
 + Level 13.4 Long Blades
 * Level 15.1 Armour
 * Level 4.5 Dodging
 * Level 15.4 Shields
 + Level 3.6 Invocations
 + Level 16.2 Evocations


You had 11 spell levels left.
You didn't know any spells.

Dungeon Overview and Level Annotations

Branches:
Dungeon (1/1)

Altars:
Cheibriados
Dithmenos
Elyvilon
Fedhas
Gozag
Hepliaklqana
Kikubaaqudgha
Makhleb
Nemelex Xobeh
Okawaru
Pakellas
Qazlal
Ru
Sif Muna
Trog
Uskayaw
Vehumet
Xom
Yredelemnul
Zin
The Shining One
Beogh
Jiyva
Lugonu

Shops:
D ===!

Annotations:
D Sonja


Innate Abilities, Weirdness & Mutations

You are resistant to damage.
You can recharge devices by infusing magical energy.
You passively map the area around you.
You do not regenerate naturally.


Message History

Press: ? - help, Dir - move target cursor
As you read the scroll of blinking, it crumbles to dust.
You hit the fire dragon but do no damage.
Unknown command.
You catch the helpless fire dragon completely off-guard!
You slash the fire dragon!
The fire dragon is lightly wounded.
You slash the fire dragon! You burn the fire dragon.
The fire dragon is moderately wounded.
Your shield and plate armour prevent you from hitting the fire dragon.
The fire dragon is moderately wounded.
The fire dragon barely misses you. The fire dragon closely misses you.
You block the fire dragon's attack.
You closely miss the fire dragon.
The fire dragon is moderately wounded.
You hit the fire dragon but do no damage.
The fire dragon is moderately wounded.
The fire dragon breathes flames at you. The blast of flame hits you!
You die...

▓_▓.▓.▓.▓.▓.▓.▓,*
*, ▓_▓.▓.▓.▓'▓.▓.▓,
, ,
▓'▓.▓†▓.▓)▓.▓.▓, *
▓.▓.▓.▓.▓)▓.▓)▓ , *
▓.▓.▓.▓.▓)▓.▓C▓ ,*,
, ,
▓|▓.▓.▓.▓)▓.▓D▓, ,
* ▓)▓.▓.▓.▓)▓.▓L▓,*
*,* ,
▓.▓.▓.▓.▓∩▓.▓D▓ *,
, * * ,
▓.▓.▓.▓.▓.▓.▓@▓,*,
,* ▓.▓.▓.▓.▓∩▓.▓.▓,
, ▓.▓.▓.▓.▓.▓.▓.▓ *
,* ,* ,
▓.▓.▓(▓)▓∩▓.▓.▓,*,*
, , ▓)▓.▓.▓.▓)▓.▓.▓
* * ▓.▓.▓(▓.▓∩▓.▓.▓
* * * * ,
▓.▓.▓[▓.▓.▓.▓.▓ *,
▓.▓.▓'▓.▓.▓.▓.▓ * ,
, ▓.▓.▓.▓.▓.▓.▓ *,
*,* *


You could see a frost giant, 2 fire dragons and a lich.

Vanquished Creatures
  Josephine (D)
  2 ice dragons (D)
  A tengu warrior (D)
  An unseen horror (D)
  10 orc knights (D)
  An orc sorcerer (D)
  A griffon (D)
  A manticore (D)
  A spiny frog (D)
  A rime drake (D)
  A freezing wraith (D)
  4 polar bears (D)
  2 trolls (D)
  3 wraiths (D)
  A wyvern (D)
  5 yaks (D)
  A hungry ghost (D)
  A hippogriff (D)
  Grum (D)
  A water moccasin (D)
  2 porcupines (D)
  A wasp (D)
  14 orc warriors (D)
  An ice beast (D)
  5 black bears (D)
  4 wolves (D)
  3 crocodiles (D)
  3 giant frogs (D)
  A wight (D)
  3 orc wizards (D)
  2 orc priests (D)
  An iguana (D)
  2 worker ants (D)
  2 river rats (D)
  An adder skeleton (D)
  An adder zombie (D)
  A worm (D)
  9 orcs (D)
  2 bats (D)
  2 bat skeletons (D)
  A goblin (D)
  A hobgoblin (D)
  A jackal (D)
  A kobold (D)
  A giant gecko skeleton (D)
105 creatures vanquished.

Notes
Turn   | Place    | Note
--------------------------------------------------------------
     0 | D        | Groucho the Deep Dwarf Fighter began the quest for the Orb.
     0 | D        | Reached XP level 1. HP: 20/20 MP: 1/1
     5 | D        | Reached skill level 1 in Evocations
   324 | D        | Noticed a worker ant
   324 | D        | Noticed an ice beast
   333 | D        | Killed a worker ant
   333 | D        | Reached skill level 3 in Evocations
   333 | D        | Reached XP level 2. HP: 24/28 MP: 2/4
   333 | D        | Reached XP level 3. HP: 29/34 MP: 2/5
   357 | D        | Killed an ice beast
   357 | D        | Reached skill level 5 in Armour
   357 | D        | Reached skill level 5 in Shields
   357 | D        | Reached skill level 5 in Evocations
   357 | D        | Reached XP level 4. HP: 27/45 MP: 4/8
   786 | D        | Found a glowing silver altar of Zin.
   786 | D        | Found a glowing golden altar of the Shining One.
   786 | D        | Found an ancient bone altar of Kikubaaqudgha.
   786 | D        | Found a basalt altar of Yredelemnul.
   786 | D        | Found a shimmering altar of Xom.
   786 | D        | Found a radiant altar of Vehumet.
   787 | D        | Found an iron altar of Okawaru.
   788 | D        | Found a burning altar of Makhleb.
   789 | D        | Found a deep blue altar of Sif Muna.
   790 | D        | Found a bloodstained altar of Trog.
   791 | D        | Found a sparkling altar of Nemelex Xobeh.
   792 | D        | Found a white marble altar of Elyvilon.
   793 | D        | Found a roughly hewn altar of Beogh.
   794 | D        | Found a viscous altar of Jiyva.
   795 | D        | Found a corrupted altar of Lugonu.
   796 | D        | Found a blossoming altar of Fedhas.
   797 | D        | Found a snail-covered altar of Cheibriados.
   798 | D        | Found a shadowy altar of Dithmenos.
   799 | D        | Found a stormy altar of Qazlal.
   800 | D        | Found an opulent altar of Gozag.
   801 | D        | Found a sacrificial altar of Ru.
   802 | D        | Found an oddly glowing altar of Pakellas.
   803 | D        | Found a hide-covered altar of Uskayaw.
   804 | D        | Found a hazy altar of Hepliaklqana.
   889 | D        | Became a worshipper of Makhleb the Destroyer
  1016 | D        | Noticed a wasp
  1016 | D        | Noticed a yak
  1016 | D        | Noticed a yak
  1021 | D        | Killed a wasp
  1021 | D        | Reached skill level 5 in Fighting
  1021 | D        | Reached skill level 5 in Long Blades
  1021 | D        | Reached skill level 6 in Evocations
  1021 | D        | Reached XP level 5. HP: 20/52 MP: 8/10
  1029 | D        | Killed a yak
  1029 | D        | Reached * piety under Makhleb
  1029 | D        | Reached skill level 7 in Evocations
  1029 | D        | Reached XP level 6. HP: 35/62 MP: 9/11
  1031 | D        | Reached skill level 8 in Evocations
  1042 | D        | Killed an unseen horror
  1042 | D        | Reached ** piety under Makhleb
  1042 | D        | Reached skill level 10 in Evocations
  1042 | D        | Reached XP level 7. HP: 18/72 MP: 11/14
  1050 | D        | Killed a yak
  1050 | D        | Reached XP level 8. HP: 58/81 MP: 12/15
  1228 | D        | Reached *** piety under Makhleb
  1241 | D        | Reached **** piety under Makhleb
  1373 | D        | Reached skill level 10 in Armour
  1373 | D        | Reached skill level 10 in Shields
  1373 | D        | Reached skill level 11 in Evocations
  1379 | D        | Reached ***** piety under Makhleb
  1394 | D        | Noticed a spiny frog
  1404 | D        | Killed a spiny frog
  1404 | D        | Gained mutation: You passively map the area around you. [Deep Dwarf growth]
  1404 | D        | Reached XP level 9. HP: 90/91 MP: 17/17
  1412 | D        | Noticed a rime drake
  1412 | D        | Noticed a griffon
  1415 | D        | Reached skill level 12 in Evocations
  1418 | D        | Noticed a polar bear
  1421 | D        | Reached ****** piety under Makhleb
  1436 | D        | Reached skill level 10 in Long Blades
  1442 | D        | Killed a griffon
  1447 | D        | Killed a rime drake
  1458 | D        | Killed a polar bear
  1458 | D        | Reached skill level 13 in Evocations
  1772 | D        | Noticed a polar bear
  1772 | D        | Noticed a polar bear
  1773 | D        | Noticed a polar bear
  1776 | D        | Killed a polar bear
  1776 | D        | Reached skill level 10 in Fighting
  1786 | D        | Killed a polar bear
  1786 | D        | Reached XP level 10. HP: 102/102 MP: 18/20
  1986 | D        | Noticed Josephine
  2000 | D        | Killed Josephine
  2000 | D        | Reached skill level 14 in Evocations
  2035 | D        | Noticed Grum
  2056 | D        | Killed Grum
  2220 | D        | Noticed an orc sorcerer
  2230 | D        | Noticed an orange demon
  2231 | D        | Killed an orc sorcerer
  2236 | D        | Noticed an orc knight
  2256 | D        | Killed an orc knight
  2256 | D        | Reached skill level 15 in Evocations
  2256 | D        | Reached XP level 11. HP: 99/111 MP: 22/22
  2321 | D        | Found Seammiv's Jewellery Emporium.
  2321 | D        | Noticed an orc knight
  2321 | D        | Noticed an orc knight
  2321 | D        | Noticed an orc knight
  2321 | D        | Noticed an orc knight
  2324 | D        | Noticed an orc knight
  2332 | D        | Killed an orc knight
  2345 | D        | Killed an orc knight
  2346 | D        | Found Wuud's Jewellery Shoppe.
  2355 | D        | Killed an orc knight
  2358 | D        | Noticed an orc knight
  2372 | D        | Killed an orc knight
  2373 | D        | Found Igalel Fyts's Jewellery Emporium.
  2388 | D        | Killed an orc knight
  2402 | D        | Killed an orc knight
  2403 | D        | Found Rafo Lig's Distillery.
  2409 | D        | Noticed an orc knight
  2411 | D        | Noticed an orc knight
  2412 | D        | Noticed an orc knight
  2421 | D        | Killed an orc knight
  2440 | D        | Killed an orc knight
  2450 | D        | Killed an orc knight
  2472 | D        | Bought a +3 amulet of reflection for 300 gold pieces
  2476 | D        | Bought a +5 amulet of reflection for 250 gold pieces
  2476 | D        | Bought a +4 ring of strength for 270 gold pieces
  2478 | D        | Bought a potion of heal wounds for 70 gold pieces
  2478 | D        | Bought a potion of resistance for 140 gold pieces
  2478 | D        | Bought a potion of haste for 140 gold pieces
  2478 | D        | Bought 2 potions of curing for 84 gold pieces
  2478 | D        | Bought a potion of mutation for 35 gold pieces
  2478 | D        | Bought a potion of might for 56 gold pieces
  2478 | D        | Bought a potion of resistance for 140 gold pieces
  2582 | D        | Noticed Sonja
  3180 | D        | Noticed a tengu warrior
  3200 | D        | Killed a tengu warrior
  3200 | D        | Reached skill level 15 in Shields
  3200 | D        | Reached skill level 1 in Invocations
  3200 | D        | Reached skill level 16 in Evocations
  3204 | D        | Noticed an ice dragon
  3205 | D        | Noticed an ice dragon
  3228 | D        | Noticed a frost giant
  3231 | D        | Noticed a fire dragon
  3235 | D        | Noticed a fire dragon
  3236 | D        | Killed an ice dragon
  3236 | D        | Reached skill level 15 in Armour
  3241 | D        | HP: 3/115 [frost giant/bolt of cold (23)]
  3241 | D        | HP: 1/115 [ice dragon (2)]
  3246 | D        | Killed an ice dragon
  3246 | D        | Reached XP level 12. HP: 97/123 MP: 24/24
  3249 | D        | Noticed a lich
  3267 | D        | Killed from afar by a fire dragon

Vault maps used:
D:        linesprint

Skill      XL: |  1  2  3  4  5  6  7  8  9 10 11 |
---------------+----------------------------------+-----
Evocations     | 3 5 6 7 10 11 13 15 16 | 16.2
Fighting       | 3 4 5 6 7 9 10 11 12 | 12.6
Long Blades    | 3 4 5 6 8 9 10 12 13 | 13.4
Armour         | 4 5 6 7 9 10 11 13 15 | 15.1
Shields        | 4 5 6 7 9 10 11 13 15 | 15.4
Dodging        | 4 |  4.5
Invocations    | 3 |  3.6

Action                   |  1- 3 |  4- 6 |  7- 9 | 10-12 || total
-------------------------+-------+-------+-------+-------++-------
Melee: Long sword        |    45 |       |       |       ||    45
       Scimitar          |       |    24 |   121 |   388 ||   533
Evoke: Wand              |       |       |     1 |     2 ||     3
  Use: Potion            |       |     1 |     1 |    10 ||    12
       Scroll            |       |       |       |     1 ||     1
 Stab: Invisible         |       |       |       |     1 ||     1
  Eat: Chunk             |       |       |     3 |     4 ||     7
       Bread ration      |       |       |     1 |       ||     1
       Meat ration       |       |       |       |     1 ||     1
Armor: Scale mail        |    16 |       |       |       ||    16
       Ring mail         |       |    14 |    45 |    18 ||    77
       Plate armour      |       |       |       |    80 ||    80
Dodge: Dodged            |     7 |     5 |    26 |    51 ||    89
Block: Shield            |    25 |    10 |    63 |   130 ||   228
       Large shield      |       |       |       |    85 ||    85
       Reflection        |       |       |       |     1 ||     1
